 Dungeon Crawl Stone Soup version 0.30-a0-920-g7493c07aab (webtiles) character file.

Game seed: 10945659394465701639

98 cforsyth the Covered (level 5, -5/42 HPs)
             Began as a Human Fighter on Mar 22, 2023.
             Slain by an orc
             ... wielding a +0 war axe
              (8 damage)
             ... on level 3 of the Dungeon.
             The game lasted 00:02:41 (2647 turns).

cforsyth the Covered (Human Fighter)                Turns: 2647, Time: 00:02:42

Health: -5/42      AC: 10    Str: 18    XL:     5   Next: 0%
Magic:  5/5        EV:  9    Int:  9    God:
Gold:   124        SH:  4    Dex: 12    Spells: 4/4 levels left

rFire   . . .      SeeInvis .    a - +0 flail
rCold   . . .      Faith    .    c - +0 buckler
rNeg    . . .      Spirit   .    b - +0 scale mail
rPois   .          Reflect  .    j - +0 helmet
rElec   .          Rampage  .    (no cloak)
rCorr   .                        k - +0 pair of gloves
Will    .....                    l - +0 pair of boots Stlth
                                 (no amulet)
HPRegen 0.27/turn                (no ring)
MPRegen 0.09/turn                (no ring)

@: no status effects
A: no striking features
a: no special abilities


You were on level 3 of the Dungeon.
You visited 1 branch of the dungeon, and saw 3 of its levels.

You collected 124 gold pieces.

Inventory:

Hand Weapons
 a - a +0 flail (weapon)
Armour
 b - a +0 scale mail (worn)
 c - a +0 buckler (worn)
 j - a +0 helmet (worn)
 k - a +0 pair of gloves (worn)
 l - a +0 pair of boots (worn)
Scrolls
 f - 4 scrolls of identify {unknown}
 h - a scroll of fog {unknown}
 i - a scroll of vulnerability {unknown}
Potions
 d - a potion of might
 e - 2 potions of curing {unknown}
 g - 2 potions of brilliance {unknown}
 m - 2 potions of attraction {unknown}


   Skills:
 + Level 3.6 Fighting
 + Level 2.8 Maces & Flails
 + Level 3.7 Armour
 + Level 3.6 Shields


You had 4 spell levels left.
You didn't know any spells.
Your spell library was empty.

Dungeon Overview and Level Annotations

Branches:
Dungeon (3/15)

Altars:

Shops:
D:1 (


Message History

You kill the orc!
You block the orc priest's attack. The orc priest closely misses you.
The orc hits you with a +0 war axe.
You have reached level 5!
You hit the orc priest.
The orc priest is moderately wounded.
The orc priest barely misses you. The orc hits you with a +0 war axe.
The orc hits you but does no damage.
You hit the orc priest but do no damage.
The orc priest is moderately wounded.
The orc priest barely misses you. You block the orc's attack.
The orc hits you but does no damage.
You hit the orc priest but do no damage.
The orc priest is moderately wounded.
The orc priest hits you with a +0 flail.
You block the orc's attack. The orc closely misses you.
The orc hits you with a +0 flail. You block the orc's attack.
The orc priest hits you with a +0 flail.
The orc closely misses you. The orc hits you with a +0 club.
Unknown command.
You hit the orc priest.
The orc priest is moderately wounded.
You block the orc priest's attack. The orc hits you but does no damage.
The orc completely misses you. The orc hits you but does no damage.
Unknown command.
You closely miss the orc priest.
The orc priest is moderately wounded.
The orc priest hits you with a +0 flail.
* * * LOW HITPOINT WARNING * * *
The orc hits you with a +0 club.
* * * LOW HITPOINT WARNING * * *
You block the orc's attack. The orc hits you but does no damage.
Unknown command.
You hit the orc priest.
The orc priest is heavily wounded.
The orc priest mumbles some strange prayers to Beogh against you.
Pain shoots through your body!
* * * LOW HITPOINT WARNING * * *
The orc closely misses you. The orc hits you with a +0 war axe!
You die...

#.........## #.##....
#............#.##....
#............#.##....
#............#.##....
#..............##....
#..............##....
#.........<....##....
###..o...............
##@o....#.#........
#oo...#.#.#.......
#....##.#.##......
....###.#.###.....
...## ##.## ##....
...## #'# ##... ..##
##.## #### ...
#####.#.# ##
#####..###.###..##..


You could see an orc priest and 3 orcs.

Vanquished Creatures
  Robin (D:2)
  2 adders (D:2)
  5 orcs (D:3)
  7 ball pythons
  6 endoplasms
  15 goblins
  5 hobgoblins
  4 jackals (D:1)
  3 quokkas
  3 bats
  3 frilled lizards (D:1)
  A kobold (D:1)
  2 rats
57 creatures vanquished.

Notes
Turn   | Place    | Note
-------+----------+-------------------------------------------
     0 | D:1      | cforsyth the Human Fighter began the quest for the Orb.
     0 | D:1      | Reached XP level 1. HP: 18/18 MP: 1/1
   228 | D:1      | Found Haukat's Antique Weapon Emporium.
   382 | D:1      | Reached XP level 2. HP: 24/24 MP: 2/2
   612 | D:1      | You fall into a shaft and drop 1 floor!
   681 | D:2      | Reached XP level 3. HP: 24/29 MP: 3/3
   808 | D:2      | Noticed Robin
   824 | D:2      | Killed Robin
   929 | D:2      | Reached XP level 4. HP: 27/35 MP: 4/4
  1231 | D:2      | Found a faded altar of an unknown god.
  2642 | D:3      | Reached XP level 5. HP: 28/42 MP: 5/5
  2647 | D:3      | Slain by an orc

Illustrated notes

Levels and vault maps discovered:
D:1:      wander_arrival_lonely_grave, layout_loops_corners, serial_shops, shop,
          minivault_23, minivault_4
D:2:      layout_basic, chequers_ecumenical_altar_simple, uniq_robin
D:3:      layout_basic, minitemple, grunt_ministairs_11, wad_orctagon

Action                     |  1- 3 |  4- 6 || total
---------------------------+-------+-------++-------
  Melee: Flail             |   112 |    90 ||   202
 Armour: Scale mail        |    63 |    51 ||   114
  Dodge: Dodged            |    62 |    45 ||   107
  Block: Buckler           |    33 |    29 ||    62

Table legend: (Time is in decaauts)
 A = Elapsed time spent in this place.
 B = Non-inter-level travel time spent in this place.
 C = Inter-level travel time spent in this place.
 D = Time resting spent in this place.
 E = Time spent auto-exploring this place.
 F = Levels seen in this place.
 G = Mean time per level.
                   A        B        C        D        E       F      G
               +--------+--------+--------+--------+--------+-----+--------+
         Total |   2712 |   2442 |    270 |      0 |   1989 |   3 |  904.0 |
       Dungeon |   2712 |   2442 |    270 |      0 |   1989 |   3 |  904.0 |
               +--------+--------+--------+--------+--------+-----+--------+

Top non-repeatable levels by time:
     D:2: 1288 daAuts
     D:1: 1114 daAuts
     D:3: 309 daAuts
